 Dungeon Crawl Stone Soup version 0.23.0-3-gf3c87f2 (webtiles) character file.

Game seed: 17004203515374379245

212 misha the Poker (level 5, 0/43 HPs)
             Began as a Merfolk Gladiator on Feb 23, 2019.
             Slain by a gnoll
             ... wielding a +0 spear
              (2 damage)
             ... on level 2 of the Dungeon.
             The game lasted 00:03:58 (1719 turns).

misha the Poker (Merfolk Gladiator)                 Turns: 1719, Time: 00:03:59

Health: 0/43       AC:  4    Str: 16    XL:     5   Next: 89%
Magic:  5/5        EV: 14    Int:  7    God:
Gold:   58         SH:  0    Dex: 15    Spells: 4/4 levels left

rFire    . . .     SeeInvis .   a - +0 trident
rCold    . . .     Gourm    .   (no shield)
rNeg     . . .     Faith    .   b - +0 leather armour
rPois    .         Spirit   .   c - +0 helmet
rElec    .         Reflect  .   (no cloak)
rCorr    .         Harm     .   (no gloves)
MR       .....                  (no boots)
Stlth    ++........             (no amulet)
HPRegen  0.14/turn              (no ring)
MPRegen  0.09/turn              (no ring)

@: no status effects
A: change form in water, swift swim, stealthy swim
a: no special abilities


You were on level 2 of the Dungeon.
You were hungry.

You visited 1 branch of the dungeon, and saw 2 of its levels.

You collected 58 gold pieces.

Inventory:

Hand Weapons
 a - a +0 trident (weapon)
Missiles
 d - 3 throwing nets (quivered)
 e - 42 stones
Armour
 b - a +0 leather armour (worn)
 c - a +0 helmet (worn)
Jewellery
 g - an uncursed amulet of rage {unknown}
 i - an uncursed ring of protection from fire {unknown}
 n - a cursed amulet of inaccuracy {unknown}
 p - an uncursed ring of resist corrosion {unknown}
 q - a +2 ring of evasion {unknown}
Scrolls
 l - a scroll of enchant armour {unknown}
 m - a scroll of identify
 o - a scroll of fear {unknown}
Potions
 j - 2 potions of brilliance {unknown}
 s - a potion of invisibility {unknown}
Comestibles
 f - 4 rations


   Skills:
 + Level 4.3 Fighting
 + Level 6.6 Polearms
 - Level 2.0 Throwing
 - Level 4.0 Dodging
 + Level 2.9 Stealth


You had 4 spell levels left.
You didn't know any spells.
Your spell library was empty.

Dungeon Overview and Level Annotations

Branches:
Dungeon (2/15)

Altars:
Qazlal


Message History

* * * LOW HITPOINT WARNING * * *
Okay, then.
It was a potion of curing.
You feel better.
The gnoll hits you from afar with a +0 spear.
* * * LOW HITPOINT WARNING * * *
You feel better. The gnoll closely misses you. x2
You feel better. The gnoll completely misses you.
The gnoll hits you from afar with a +0 spear!
The gnoll completely misses you. The gnoll hits you with a +0 spear.
The gnoll barely misses you.
Things that are here:
a +0 club; a gnoll corpse You barely miss the gnoll.
The gnoll hits you with a +0 spear.
* * * LOW HITPOINT WARNING * * *
The gnoll barely misses you. The gnoll closely misses you.
You hit the gnoll but do no damage. The gnoll hits you with a +0 spear.
* * * LOW HITPOINT WARNING * * *
The gnoll closely misses you.
The gnoll hits you from afar with a +0 spear.
You die...

######## #
#......# ##
#.####.##########.
#.# #............
#.# ############.
#.# ## #@# #
#gg...# # ###g..#
# ...<# # ...# #
..?.. ## ..#. ...
..# ### #


You could see 3 gnolls.

Vanquished Creatures
  Sigmund (D:2)
  An adder (D:2)
  A gnoll (D:2)
  2 oozes (D:1)
  2 giant cockroaches (D:2)
  8 goblins
  2 hobgoblins (D:1)
  A jackal (D:1)
  8 bats
  4 frilled lizards
  6 kobolds
  5 rats
41 creatures vanquished.

Notes
Turn   | Place    | Note
-------+----------+-------------------------------------------
     0 | D:1      | misha the Merfolk Gladiator began the quest for the Orb.
     0 | D:1      | Reached XP level 1. HP: 16/16 MP: 1/1
    43 | D:1      | Reached XP level 2. HP: 23/23 MP: 2/2
    56 | D:1      | Reached skill level 5 in Polearms
   233 | D:1      | Reached XP level 3. HP: 29/29 MP: 3/3
  1176 | D:2      | Reached skill level 1 in Stealth
  1331 | D:2      | Found a stormy altar of Qazlal.
  1333 | D:2      | Noticed an air elemental
  1333 | D:2      | Noticed a water elemental
  1334 | D:2      | Noticed a fire elemental
  1334 | D:2      | Noticed an earth elemental
  1357 | D:2      | Noticed Sigmund
  1369 | D:2      | Killed Sigmund
  1369 | D:2      | Reached skill level 6 in Polearms
  1369 | D:2      | Reached XP level 4. HP: 13/37 MP: 4/4
  1369 | D:2      | Reached XP level 5. HP: 15/42 MP: 5/5
  1713 | D:2      | HP: 1/43 [gnoll/+0 halberd (11)]
  1719 | D:2      | HP: 2/43 [gnoll/+0 spear (6)]
  1719 | D:2      | Slain by a gnoll

Skill      XL: |  1  2  3 |
---------------+----------+-----
Polearms       | 5 6 |  6.6
Fighting       | 3 4 |  4.3
Stealth        | 2 |  2.9
Throwing       | |  2.0
Dodging        | |  4.0

Action                   |  1- 3 |  4- 6 || total
-------------------------+-------+-------++-------
Melee: Trident           |   106 |    14 ||   120
  Use: Scroll            |     2 |       ||     2
       Potion            |       |     3 ||     3
 Stab: Sleeping          |     1 |       ||     1
  Eat: Chunk             |     1 |     1 ||     2
Armor: Leather armour    |    20 |     1 ||    21
Dodge: Dodged            |    55 |    25 ||    80
